 Dungeon Crawl Stone Soup version 0.25.1-8-g42b30a86e7 (webtiles) character file.

Game seed: 6556991347264736794

3630 KamiKatze the Thaumaturge (level 9, -7/72 HPs)
             Began as a Deep Elf Fire Elementalist on Dec 8, 2020.
             Was an Initiate of Vehumet.
             Mangled by an orc priest
             ... wielding a +1 hand axe of electrocution
              (14 damage)
             ... on level 7 of the Dungeon.
             The game lasted 00:40:16 (6455 turns).

KamiKatze the Thaumaturge (DEFE)                    Turns: 6455, Time: 00:40:17

Health: -7/72      AC: 24    Str:  6      XL:     9   Next: 87%
Magic:  12/25      EV:  2    Int: 23      God:    Vehumet [......]
Gold:   249        SH:  0    Dex: 12 (15) Spells: 15/28 levels left

rFire    + . .     SeeInvis .   a - +4 short sword (freeze)
rCold    . . .     Gourm    .   (no shield)
rNeg     + + +     Faith    .   (armour currently unavailable)
rPois    +         Spirit   .   (helmet currently unavailable)
rElec    .         Reflect  .   (cloak currently unavailable)
rCorr    .         Harm     .   (gloves currently unavailable)
MR       +....     NoTele   +   (boots currently unavailable)
Stlth    +++.......             h - amulet of regeneration
HPRegen  0.62/turn              o - ring of protection from magic
MPRegen  0.19/turn              k - ring of protection from fire (curse)

@: tree-form
A: no striking features
a: Renounce Religion


You were on level 7 of the Dungeon.
You worshipped Vehumet.
Vehumet was noncommittal.
You were not hungry.
You were a tree.
You visited 2 branches of the dungeon, and saw 8 of its levels.

You collected 249 gold pieces.

Inventory:

Hand Weapons
 a - a +4 short sword of freezing (weapon)
 b - a +2 short sword of electrocution
 H - a +2 whip of flaming
Missiles
 w - 8 poisoned darts (quivered)
Armour
 i - a +0 ring mail
 C - a +0 leather armour
 I - a +2 robe (melded)
 J - a +0 cloak (melded)
Jewellery
 d - an uncursed ring of protection from cold
 h - an amulet of regeneration (around neck)
 k - a cursed ring of protection from fire (right branch)
 o - a ring of protection from magic (left branch)
 r - an uncursed ring of protection from cold
 t - a cursed amulet of inaccuracy {unknown}
 A - a +6 ring of dexterity {unknown}
Wands
 l - a wand of enslavement (12)
 G - a wand of disintegration (9)
Scrolls
 e - 2 scrolls of amnesia
 f - a scroll of teleportation
 g - 3 scrolls of blinking
 n - 5 scrolls of remove curse {unknown}
 v - a scroll of enchant armour {unknown}
 x - a scroll of noise {unknown}
 y - 3 scrolls of fog {unknown}
 B - 4 scrolls of fear
 F - a scroll of magic mapping {unknown}
Potions
 j - 2 potions of might
 p - 3 potions of magic
 s - 2 potions of ambrosia
 u - a potion of flight
 z - a potion of resistance
 D - a potion of stabbing
Comestibles
 c - 11 rations
 q - 8 chunks of flesh


   Skills:
 + Level 2.3 Fighting
 + Level 4.3 Dodging
 + Level 4.3 Stealth
 * Level 10.3 Spellcasting
 * Level 8.4 Conjurations
 * Level 9.0 Fire Magic


You had 15 spell levels left.
You knew the following spells:

 Your Spells              Type           Power        Failure   Level  Hunger
a - Foxfire               Conj/Fire      ####         1%          1    None
b - Conjure Flame         Conj/Fire      ######..     1%          3    None
c - Sticky Flame          Conj/Fire      ######..     1%          4    #......
d - Fireball              Conj/Fire      ######....   4%          5    ####...

Your spell library contained the following spells:

 Spells                   Type           Power        Failure   Level  Hunger
 Inner Flame              Hex/Fire       ####....     2%          3    None


Dungeon Overview and Level Annotations

Branches:
Dungeon (7/15)             Temple (1/1) D:4

Altars:
Ashenzari
Cheibriados
Dithmenos
Elyvilon
Fedhas
Gozag
Hepliaklqana
Kikubaaqudgha
Makhleb
Nemelex Xobeh
Ru
Sif Muna
Trog
Uskayaw
Vehumet
Wu Jian
Xom
Yredelemnul
Zin
The Shining One

Shops:
D:4 :


Message History

The quasit bites you but does no damage.
The quasit claws you but does no damage. x2
The phantom hits you but does no damage.
The quasit bites you but does no damage.
The quasit claws you but does no damage. x2
The orc priest hits you but does no damage.
The orc priest hits your foxfire but does no damage.
Unknown command.
Casting: Foxfire (safe; 1% risk of failure)
Confirm with . or Enter, or press ? or * to list all spells.
You conjure some foxfire!
The foxfire hits the orc priest.
The orc priest is lightly wounded.
The foxfire hits the phantom.
The phantom is moderately damaged.
The phantom blinks!
The quasit bites you but does no damage.
The quasit claws you but does no damage. x2
The orc priest hits you but does no damage.
You are electrocuted!
You die...

###..#.#.....#...#...............
####...#....>..>.#.........÷.....
#..........).....#....#.......<..
#.....................##......##.
#.....................######(....
.........#............### #..#...
.........####........##.###..#.##
.........####..v.§...........####
..........##...§♣.......###..#.#.
...............v5o......##.......
..........#.............#.......
#........###...)..........##....
#....##..# #..)W...#...#..#.....
#.......## #..).....#####.####.#
>........####.......##..#.###..#
......#...#...####........#....#
...###........# ##....)..##....


You could see a phantom, an orc priest and a quasit.

Vanquished Creatures
  Pikel (D:4)
  A hippogriff (D:7)
  Sigmund (D:5)
  Duvessa (D:4)
  2 sky beasts
  2 orc warriors
  A slave (D:3)
  3 ogres
  A phantom (D:3)
  A centaur (D:6)
  Blork the orc (D:4)
  3 bullfrogs (D:6)
  Dowan (D:3)
  4 scorpions
  3 wights (D:6)
  3 crimson imps
  2 howler monkeys (D:5)
  A jelly (D:6)
  6 orc priests
  4 hounds
  3 centaur skeletons
  2 iguanas (D:6)
  Terence (D:2)
  9 orc wizards
  6 worker ants
  A howler monkey zombie (D:4)
  4 gnolls (D:5)
  7 adders
  An ooze (D:1)
  An adder skeleton (D:7)
  An adder zombie (D:5)
  A worm (D:2)
  3 dart slugs
  3 leopard geckos
  41 orcs
  8 bats
  11 giant cockroaches
  8 hobgoblins
  6 jackals
  5 quokkas
  2 frilled lizards (D:2)
  6 goblins
  8 kobolds
  A leopard gecko skeleton (D:4)
  3 rats
184 creatures vanquished.

Vanquished Creatures (others)
  903 foxfires
903 creatures vanquished.

Grand Total: 1087 creatures vanquished

Notes
Turn   | Place    | Note
-------+----------+-------------------------------------------
     0 | D:1      | KamiKatze the Deep Elf Fire Elementalist began the quest
                  | for the Orb.
     0 | D:1      | Reached XP level 1. HP: 10/10 MP: 6/6
   116 | D:1      | Reached XP level 2. HP: 15/15 MP: 5/8
   429 | D:1      | Reached XP level 3. HP: 20/20 MP: 6/9
   794 | D:2      | Noticed Terence
   894 | D:2      | Killed Terence
   894 | D:2      | Reached XP level 4. HP: 19/24 MP: 0/11
  1040 | D:2      | Noticed a sky beast
  1047 | D:2      | Learned a level 3 spell: Conjure Flame
  1052 | D:2      | Learned a level 4 spell: Sticky Flame
  1160 | D:2      | Reached skill level 4 in Spellcasting
  1739 | D:3      | Noticed a phantom
  1759 | D:3      | Killed a phantom
  1759 | D:3      | Reached skill level 1 in Fighting
  1759 | D:3      | Reached XP level 5. HP: 29/29 MP: 5/13
  1840 | D:3      | Found a shimmering blue altar of Sif Muna.
  2086 | D:4      | Noticed Dowan
  2094 | D:4      | Learned a level 5 spell: Fireball
  2145 | D:3      | Reached XP level 6. HP: 26/34 MP: 6/15
  2338 | D:2      | Killed a sky beast
  2338 | D:2      | Reached skill level 5 in Spellcasting
  2412 | D:4      | Noticed Duvessa
  2415 | D:4      | Noticed Blork the orc
  2418 | D:4      | Killed Duvessa
  2423 | D:4      | Killed Blork the orc
  2423 | D:4      | Reached skill level 5 in Fire Magic
  2423 | D:4      | Reached XP level 7. HP: 31/39 MP: 3/17
  2530 | D:3      | Killed Dowan
  2569 | D:4      | Noticed Pikel
  2822 | D:4      | Reached skill level 6 in Spellcasting
  2866 | D:4      | Found a glowing golden altar of the Shining One.
  3325 | D:4      | Found Log Cukh's Book Shoppe.
  3519 | D:4      | Found a staircase to the Ecumenical Temple.
  3524 | Temple   | Entered the Ecumenical Temple
  3664 | D:4      | Killed Pikel
  3664 | D:4      | Reached skill level 7 in Spellcasting
  3664 | D:4      | Reached skill level 5 in Conjurations
  3664 | D:4      | Reached XP level 8. HP: 38/44 MP: 10/21
  3737 | D:5      | Entered Level 5 of the Dungeon
  3742 | D:5      | Noticed Sigmund
  3750 | D:5      | Killed Sigmund
  3876 | D:5      | Reached skill level 8 in Spellcasting
  4110 | D:5      | Found a basalt altar of Yredelemnul.
  4677 | D:5      | Reached XP level 9. HP: 48/48 MP: 15/23
  4742 | D:6      | Found a hide-covered altar of Uskayaw.
  4973 | D:6      | Reached skill level 9 in Spellcasting
  5909 | D:6      | Found a blossoming altar of Fedhas.
  5987 | D:7      | Reached skill level 10 in Spellcasting
  6415 | D:7      | Found a radiant altar of Vehumet.
  6426 | D:7      | Became a worshipper of Vehumet
  6438 | D:7      | HP: 2/48 [orc priest/divine providence (15)]
  6455 | D:7      | Mangled by an orc priest

Illustrated notes

Levels and vault maps discovered:
D:1:      dpeg_arrival_arbitrary_b, layout_rooms, serial_glass, glass_columns_b,
          glass_columns_c, minmay_strange_pillars, feat_on_display,
          item_on_display_a, minmay_tetromino_t4
D:2:      layout_basic, uniq_terence
D:3:      layout_rooms, nicolae_overflow_hidden_temple
D:4:      layout_loops_ring, kennysheep_mini, minmay_temple_entry_nine_rooms,
          serial_shops, nicolae_shop_window_shopping, uniq_duvessa,
          uniq_blork_the_orc, uniq_pikel
D:5:      layout_basic, first_ration, chequers_serial_rivers_micro_c,
          grunt_decor_one_mirror, lemuel_statue_altar, uniq_sigmund
D:6:      layout_basic, kennysheep_mini_moat, lemuel_coloured_pillars_altar
D:7:      layout_cave_pools, vehumet_altar_wand_db, kennysheep_generic_room_6
Temple:   minmay_freezing_vapour_temple

Skill      XL: |  1  2  3  4  5  6  7  8  9 |
---------------+----------------------------+-----
Conjurations   | 2 3 4 5 6 8 |  8.4
Stealth        | 3 4 |  4.3
Spellcasting   | 4 5 7 8 10 | 10.3
Fire Magic     | 4 5 6 7 9 |  9.0
Fighting       | 1 2 |  2.3
Dodging        | 3 4 |  4.3

Action                   |  1- 3 |  4- 6 |  7- 9 || total
-------------------------+-------+-------+-------++-------
Melee: Club              |    11 |     2 |       ||    13
       Short sword       |       |     4 |    56 ||    60
 Cast: Foxfire           |    67 |    82 |   387 ||   536
       Conjure Flame     |       |       |     4 ||     4
  Use: Scroll            |       |     7 |     5 ||    12
       Potion            |       |       |     2 ||     2
 Stab: Sleeping          |       |       |     3 ||     3
  Eat: Chunk             |       |     4 |    13 ||    17
Armor: Robe              |     4 |     1 |    44 ||    49
       Skin              |       |       |    21 ||    21
Dodge: Dodged            |    29 |     5 |   144 ||   178
